 Dungeon Crawl Stone Soup version 0.30.1-9-gdf580d7c3d (webtiles) character file.

Game seed: 5885018549975224501

67533 bogdani the Warrior (level 15, -14/152 HPs)
             Began as a Hill Orc Berserker on Oct 7, 2023.
             Was a High Priest of Trog.
             Killed from afar by a lindwurm (28 damage)
             ... with a blast of flame
             ... summoned by Kirke
             ... on level 12 of the Dungeon.
             The game lasted 01:25:17 (19137 turns).

bogdani the Warrior (Hill Orc Berserker)           Turns: 19137, Time: 01:25:17

Health: -14/152    AC:  0    Str: 22    XL:     15   Next: 23%
Magic:  7/15       EV: 21    Int:  7    God:    Trog [*****.]
Gold:   989        SH:  0    Dex: 16    Spells: 14/14 levels left

rFire   . . .        X - melded +0 executioner's axe (antimagic)
rCold   . . .        (shield currently unavailable)
rNeg    . . .        c - melded +0 gold dragon scales
rPois   .            i - melded +1 helmet
rElec   .            g - melded scarf {repulsion}
rCorr   .            (gloves currently unavailable)
SInv    .            (boots currently unavailable)
Will    +....        T - amulet of faith {!P}
Stlth   +            O - melded +4 ring of protection
HPRegen 0.45/turn    D - melded +6 ring of dexterity
MPRegen 0.14/turn

%: faith
@: pig-form, very quick
A: fast, no casting, small
a: Renounce Religion, Berserk, Trog's Hand, Brothers in Arms


You were on level 12 of the Dungeon.
You worshipped Trog.
Trog was extremely pleased with you.
You were a filthy swine.
You visited 1 branch of the dungeon, and saw 15 of its levels.
You also visited: Ice Cave.

You collected 1079 gold pieces.
You spent 90 gold pieces at shops.


   Skills:
 + Level 19.3 Fighting
 + Level 17.5 Axes
 + Level 14.8 Armour
 + Level 11.5 Dodging


You had 14 spell levels left.
You didn't know any spells.
Your spell library was empty.

Inventory:

Hand Weapons
 a - the +2 battleaxe of Bimpes {heavy, rF+ rCorr}
   (Trog gifted it to you on level 14 of the Dungeon)

   rF:        It protects you from fire.
   rCorr:     It protects you from acid and corrosion.
 X - a +0 antimagic executioner's axe (melded)
 Y - a +3 heavy flail
Missiles
 b - 18 boomerangs
 o - 8 poisoned darts (quivered)
 p - 9 throwing nets {=f}
Armour
 c - +0 gold dragon scales (melded)
 g - a scarf of repulsion (melded)
 i - a +1 helmet (melded)
 k - a scarf of resistance
 u - the +8 chain mail of Icog {rPois}
   (You found it on level 4 of the Dungeon)

   rPois:     It protects you from poison.
 J - a +0 kite shield
 V - the +7 plate armour of Gallantry {Str+3 Int+4}
   (You found it on level 11 of the Dungeon)

   Str:       It affects your strength (+3).
   Int:       It affects your intelligence (+4).
Jewellery
 C - a ring of ice
 D - a +6 ring of dexterity (melded)
 E - a +5 ring of evasion
 O - a +4 ring of protection (melded)
 P - a ring of poison resistance
 T - an amulet of faith (around neck) {!P}
Wands
 e - a wand of charming (13)
 q - a wand of flame (13)
 y - a wand of quicksilver (12)
 K - a wand of iceblast (15)
 Q - a wand of digging (13)
Scrolls
 f - a scroll of silence {unknown}
 j - 6 scrolls of blinking
 l - 2 scrolls of vulnerability {unknown}
 m - 2 scrolls of fog
 r - 2 scrolls of immolation {unknown}
 s - 2 scrolls of teleportation {unknown}
 v - 2 scrolls of poison {unknown}
 w - 3 scrolls of fear {unknown}
 G - 2 scrolls of magic mapping
 N - 4 scrolls of summoning
 S - a scroll of enchant weapon
Potions
 d - 4 potions of lignification
 h - 2 potions of heal wounds {@q2}
 n - 7 potions of flight
 t - 2 potions of mutation
 x - a potion of ambrosia {unknown}
 z - 8 potions of curing {@q1}
 B - a potion of degeneration {unknown}
 F - a potion of invisibility {unknown}
 H - a potion of berserk rage {!q}
 L - 2 potions of resistance
 W - a potion of cancellation {unknown}
 Z - a potion of brilliance {unknown}
Miscellaneous
 I - a box of beasts
 M - a phantom mirror
 U - a condenser vane

Dungeon Overview and Level Annotations

Branches:
Dungeon (15/15)            Temple (0/1) D:4            Lair (0/5) D:10
    Orc (0/2) D:9          Vaults (0/5) D:13         Depths (0/4) D:15
  IceCv (visited)

Altars:
Cheibriados
Dithmenos
Elyvilon
Fedhas
Hepliaklqana
Makhleb
Okawaru
Qazlal
Ru
Sif Muna
Trog
Uskayaw
Wu Jian
Xom
Zin

Shops:
D:5 (   D:6 *:   D:12 [

Portals:
Trove: D:13 (give +7 demon blade)

Annotations:
D:12 Kirke

##....#####....#####...#
..........'....'......<#
.######.###....##...####
#.# #....##.### #.#
#....##.# ... #....'..#
.#. #..).####
#.#h##k..^# #.hh{h....#
######H...# ######


You could see a sphinx (summoned), a lindwurm (summoned, catching breath) and 3
hogs.


Message History

Kirke is almost dead.
The sphinx barely misses you. The sphinx closely misses you.
The sphinx hits you!
Kirke whispers, "No Hill Orc can resist me..."
Kirke hits you!
* * * LOW HITPOINT WARNING * * *
The lindwurm bites you!
* * * LOW HITPOINT WARNING * * *
The lindwurm completely misses you. The lindwurm claws you.
* * * LOW HITPOINT WARNING * * *
You bite Kirke!
Kirke is almost dead.
You hear an angry squeal.
The sphinx barely misses you. The sphinx hits you!
* * * LOW HITPOINT WARNING * * *
The sphinx closely misses you. Kirke closely misses you.
The lindwurm bites you!
* * * LOW HITPOINT WARNING * * *
The lindwurm closely misses you. x2
The sphinx hits you!!
* * * LOW HITPOINT WARNING * * *
The sphinx hits you.
* * * LOW HITPOINT WARNING * * *
The sphinx misses you.
Kirke gestures wildly while chanting.
Kirke flickers and vanishes!
Deactivating autopickup; reactivate with Ctrl-A.
The lindwurm breathes flames at you. The blast of flame hits you!!
You die...

Skill      XL: |  1  2  3  4  5  6  7  8  9 10 11 12 13 14 |
---------------+-------------------------------------------+-----
Fighting       | 4 5 6 7 9 11 13 15 17 18 19 | 19.3
Dodging        | 2 3 4 5 7 8 9 10 11 | 11.5
Armour         | 3 4 5 6 7 9 10 12 13 14 | 14.8
Axes           | 5 6 8 9 11 12 14 15 17 | 17.5

Action                     |  1- 3 |  4- 6 |  7- 9 | 10-12 | 13-15 || total
---------------------------+-------+-------+-------+-------+-------++-------
  Melee: Hand axe          |   147 |   174 |     4 |       |       ||   325
         Punch             |     1 |     2 |     4 |       |       ||     7
         Flail             |       |       |   275 |   508 |    96 ||   879
         Morningstar       |       |       |    17 |       |       ||    17
         Great sword       |       |       |       |     7 |       ||     7
         Battleaxe         |       |       |       |    17 |   322 ||   339
         Executioner's axe |       |       |       |       |    43 ||    43
         Unarmed           |       |       |       |       |    19 ||    19
  Throw: Dart              |       |       |     3 |     6 |    18 ||    27
 Invoke: Berserk           |       |     2 |       |     3 |     1 ||     6
         Brothers in Arms  |       |       |       |     1 |     5 ||     6
  Evoke: Wand              |       |       |       |     1 |       ||     1
    Use: Scroll            |       |     1 |    11 |     5 |     4 ||    21
         Potion            |       |       |       |     4 |     5 ||     9
 Armour: Animal skin       |    18 |       |       |       |       ||    18
         Scale mail        |    52 |    59 |       |       |       ||   111
         Chain mail        |       |    29 |   214 |   518 |    54 ||   815
         Plate armour      |       |       |       |       |    64 ||    64
         Gold dragon scale |       |       |       |       |   393 ||   393
  Dodge: Dodged            |    85 |   127 |   301 |   561 |   350 ||  1424
         Repelled          |       |       |       |     5 |     5 ||    10
  Block: Kite shield       |       |       |    64 |   336 |    37 ||   437

Levels and vault maps discovered:
D:1:      erik_arrival_orb_chamber, layout_loops_ring,
          dilly_ecumenical_altar_fadedgnrine
D:2:      layout_basic, uniq_robin
D:3:      layout_rooms, chequers_temple_overflow_minitemple,
          palyth_stone_intersect
D:4:      layout_cave_pools, okawaru_metal_pillars_3, zin_purify,
          lemuel_round_altar, dk_xom_monty_hall,
          minmay_temple_entry_stoned_glass, uniq_edmund
D:5:      layout_gridville, dk_noncrumbling_4, nicolae_shop_firing_range,
          uniq_prince_ribbit1
D:6:      layout_gridville, lemuel_doored_altar,
          nicolae_dithmenos_shadow_blocks, nicolae_stop_n_shop_1,
          nicolae_shop_i_like_big_books
D:7:      layout_basic, nicolae_ru_path_of_blood
D:8:      layout_loops_ring, mainiacjoe_overflow_paths, uniq_pikel
D:9:      layout_basic, lemuel_crystal_altar, fedhas_altar_4, eino_jars,
          uniq_harold
D:10:     layout_layer_cave, nicolae_uskayaw_dance_studio,
          mainiacjoe_overflow_chevrons, grunt_lair_entry_orc_guard_hut
D:11:     lemuel_slime, layout_grid_maze, grunt_ministairs_13, minmay_radiant,
          uniq_urug
D:12:     layout_basic, serial_shops, nicolae_shop_advertising_works
          [nicolae_subvault_shop_adworks], gammafunk_ghost_grave, uniq_kirke
D:13:     layout_small_grid, erik_vaults_2, enter_trove_0
D:14:     layout_basic, grunt_decor_one_mirror, minmay_statues_item
D:15:     grunt_enter_depths_magical_seal, layout_loops_ring, grunt_decor_cap,
          portal_ice_cave_entry_pillars_1

Notes
Turn   | Place    | Note
-------+----------+-------------------------------------------
     0 | D:1      | bogdani the Hill Orc Berserker began the quest for the Orb.
     0 | D:1      | Reached XP level 1. HP: 19/19 MP: 1/1
   175 | D:1      | Reached XP level 2. HP: 13/27 MP: 2/2
   375 | D:1      | Reached skill level 4 in Fighting
   431 | D:1      | Reached XP level 3. HP: 32/33 MP: 3/3
   582 | D:1      | Reached ** piety under Trog
   583 | D:1      | Reached skill level 2 in Dodging
   727 | D:1      | Found a faded altar of an unknown god.
   768 | D:2      | Noticed Robin
   807 | D:2      | Reached skill level 3 in Armour
   820 | D:2      | Killed Robin
   821 | D:2      | Reached XP level 4. HP: 30/40 MP: 4/4
   943 | D:2      | Noticed a black bear
   945 | D:2      | Identified a scroll of acquirement
   945 | D:2      | Acquired a manual of Fighting
   955 | D:2      | Killed a black bear
   956 | D:2      | Reached skill level 5 in Axes
   956 | D:2      | Reached XP level 5. HP: 47/47 MP: 5/5
  1299 | D:2      | Reached *** piety under Trog
  1300 | D:2      | Reached skill level 5 in Fighting
  1591 | D:3      | Reached XP level 6. HP: 56/56 MP: 6/6
  1766 | D:3      | Reached skill level 4 in Armour
  1862 | D:3      | Noticed a black bear
  1876 | D:3      | Killed a black bear
  1877 | D:3      | Reached skill level 3 in Dodging
  2004 | D:3      | Reached skill level 6 in Fighting
  2004 | D:3      | Reached skill level 6 in Axes
  2004 | D:3      | Reached XP level 7. HP: 46/63 MP: 7/7
  2089 | D:3      | Found a white marble altar of Elyvilon.
  2089 | D:3      | Found a faded altar of an unknown god.
  2096 | D:3      | Found a faded altar of an unknown god.
  2098 | D:3      | Found a snail-covered altar of Cheibriados.
  2100 | D:3      | Found a hazy altar of Hepliaklqana.
  2242 | D:4      | Found an iron altar of Okawaru.
  2253 | D:4      | Noticed Edmund
  2276 | D:4      | Killed Edmund
  2308 | D:4      | Found a staircase to the Ecumenical Temple.
  2399 | D:4      | Reached skill level 7 in Fighting
  2460 | D:4      | Reached **** piety under Trog
  2461 | D:4      | Reached skill level 5 in Armour
  2469 | D:4      | Identified the +8 chain mail of Icog {rPois}
  2572 | D:4      | Found a shimmering blue altar of Sif Muna.
  2753 | D:4      | Found a glowing silver altar of Zin.
  2753 | D:4      | Found Zin's Purification Station.
  2765 | D:4      | Bought a potion of curing for 90 gold pieces
  2853 | D:4      | Found a shimmering altar of Xom.
  2864 | D:4      | Reached XP level 8. HP: 74/74 MP: 8/8
  2973 | D:5      | Entered Level 5 of the Dungeon
  3005 | D:5      | Reached skill level 7 in Axes
  3100 | D:5      | Noticed Prince Ribbit
  3120 | D:5      | Killed Prince Ribbit
  3121 | D:5      | Reached skill level 8 in Fighting
  3121 | D:5      | Reached skill level 4 in Dodging
  3175 | D:5      | Identified the +4 ring mail of Freedom {Rampage +Inv}
  3292 | D:5      | Found Sosussi's Firing Range.
  3640 | D:5      | Reached skill level 6 in Armour
  3642 | D:5      | Reached skill level 9 in Fighting
  3946 | D:5      | Reached skill level 8 in Axes
  4031 | D:6      | Found Quelem's Tremendous Tomes.
  4102 | D:6      | Found Koed's General Store.
  4172 | D:6      | Found a stormy altar of Qazlal.
  4227 | D:6      | Reached ***** piety under Trog
  4228 | D:6      | Reached XP level 9. HP: 69/85 MP: 9/9
  4384 | D:6      | Reached skill level 10 in Fighting
  4470 | D:6      | Found a shadowy altar of Dithmenos.
  4480 | D:6      | Reached skill level 5 in Dodging
  4947 | D:7      | Reached skill level 7 in Armour
  5139 | D:7      | Found a sacrificial altar of Ru.
  5220 | D:7      | Reached skill level 9 in Axes
  5593 | D:7      | Reached skill level 11 in Fighting
  5819 | D:8      | Noticed Pikel
  5825 | D:8      | Killed Pikel
  5905 | D:8      | Reached XP level 10. HP: 57/97 MP: 10/10
  5907 | D:8      | Reached skill level 8 in Armour
  5910 | D:8      | Reached skill level 10 in Axes
  5910 | D:8      | Reached skill level 6 in Dodging
  5912 | D:8      | Reached skill level 12 in Fighting
  6007 | D:8      | Found a burning altar of Makhleb.
  6759 | D:9      | Noticed a two-headed ogre
  6765 | D:9      | Killed a two-headed ogre
  6766 | D:9      | Reached skill level 13 in Fighting
  7055 | D:9      | Found a staircase to the Orcish Mines.
  7060 | D:9      | Noticed Harold
  7084 | D:9      | Killed Harold
  7085 | D:9      | Reached skill level 11 in Axes
  7085 | D:9      | Reached skill level 9 in Armour
  7209 | D:9      | Received a gift from Trog
  7309 | D:9      | Found a bloodstained altar of Trog.
  7348 | D:9      | Reached skill level 7 in Dodging
  7511 | D:9      | Identified +0 pearl dragon scales
  7527 | D:9      | Reached XP level 11. HP: 108/108 MP: 11/11
  7746 | D:9      | Found a blossoming altar of Fedhas.
  7799 | D:9      | Reached skill level 14 in Fighting
  7987 | D:10     | Entered Level 10 of the Dungeon
  8150 | D:10     | Found an ornate altar of the Wu Jian Council.
  8555 | D:10     | Reached skill level 12 in Axes
  8559 | D:10     | Reached skill level 10 in Armour
  8815 | D:10     | Found a hide-covered altar of Uskayaw.
  8899 | D:10     | Found a staircase to the Lair.
  9531 | D:11     | Reached skill level 15 in Fighting
  9603 | D:11     | Noticed a manticore
  9606 | D:11     | Noticed Urug
  9612 | D:11     | Killed a manticore
  9632 | D:11     | Killed Urug
  9635 | D:11     | Identified the +7 plate armour of Gallantry {Str+3 Int+4}
  9866 | D:11     | Noticed a skeletal warrior
  9889 | D:11     | Killed a skeletal warrior
 10064 | D:11     | Noticed an oklob plant
 10095 | D:11     | Reached skill level 8 in Dodging
 10116 | D:11     | HP: 11/113 [oklob plant/splash of acid (7)]
 10128 | D:11     | Killed an oklob plant
 10418 | D:11     | Noticed a skeletal warrior
 10440 | D:11     | Killed a skeletal warrior
 10519 | D:11     | Noticed a skeletal warrior
 10519 | D:11     | Noticed a skeletal warrior
 10559 | D:11     | Killed a skeletal warrior
 10560 | D:11     | Reached XP level 12. HP: 109/122 MP: 12/12
 10575 | D:11     | Reached skill level 16 in Fighting
 10575 | D:11     | Reached skill level 13 in Axes
 10769 | D:11     | Noticed a two-headed ogre
 10770 | D:11     | Noticed a two-headed ogre
 10776 | D:11     | Killed a two-headed ogre
 10777 | D:11     | Reached skill level 11 in Armour
 10780 | D:11     | Killed a two-headed ogre
 11183 | D:11     | You fall into a shaft and drop 3 floors!
 11185 | D:14     | Noticed a two-headed ogre
 11195 | D:14     | Killed a two-headed ogre
 11430 | D:14     | Identified the +2 battleaxe of Bimpes {heavy, rF+ rCorr}
                  | (Trog gifted it to you on level 14 of the Dungeon)
 11430 | D:14     | Received a gift from Trog
 11728 | D:14     | Reached skill level 14 in Axes
 11728 | D:14     | Reached skill level 9 in Dodging
 11916 | D:14     | Identified the +0 ring mail of Sacru {Rampage rPois}
 11944 | D:14     | Noticed a seven-headed hydra
 11967 | D:14     | Killed a seven-headed hydra
 11968 | D:14     | Reached skill level 12 in Armour
 12219 | D:14     | Noticed a two-headed ogre
 12221 | D:14     | Noticed a two-headed ogre
 12222 | D:14     | Reached skill level 17 in Fighting
 12222 | D:14     | Noticed a two-headed ogre
 12226 | D:14     | Noticed an ogre mage
 12230 | D:14     | Killed a two-headed ogre
 12231 | D:14     | Reached XP level 13. HP: 33/132 MP: 13/13
 12308 | D:13     | HP: 6/132 [manticore (15)]
 12770 | D:13     | Found a portal to a secret trove of treasure.
 13107 | D:13     | Noticed a vault guard
 13107 | D:13     | Noticed a vault guard
 13107 | D:13     | Noticed a vault guard
 13111 | D:13     | Killed a vault guard
 13112 | D:13     | Noticed a vault guard
 13113 | D:13     | Noticed a vault guard
 13113 | D:13     | Noticed a vault guard
 13118 | D:13     | Killed a vault guard
 13121 | D:13     | Killed a vault guard
 13123 | D:13     | Killed a vault guard
 13123 | D:13     | Noticed a vault guard
 13125 | D:13     | Noticed a vault guard
 13129 | D:13     | Killed a vault guard
 13130 | D:13     | Reached skill level 15 in Axes
 13139 | D:13     | Killed a vault guard
 13143 | D:13     | Killed a vault guard
 13148 | D:13     | Killed a vault guard
 13262 | D:13     | Found a gate to the Vaults.
 13708 | D:14     | Identified 2 potions of resistance
 13756 | D:14     | Reached skill level 13 in Armour
 13756 | D:14     | Reached skill level 10 in Dodging
 14250 | D:15     | Entered Level 15 of the Dungeon
 14289 | D:15     | Found a frozen archway.
 14293 | D:15     | Reached skill level 18 in Fighting
 14310 | IceCv    | Entered an ice cave
 14484 | IceCv    | Reached XP level 14. HP: 100/143 MP: 14/14
 14631 | IceCv    | Reached skill level 16 in Axes
 14701 | IceCv    | Identified a scarf of resistance
 14810 | IceCv    | Received a gift from Trog
 15054 | IceCv    | Noticed a white draconian
 15065 | IceCv    | Killed a white draconian
 15273 | IceCv    | Reached skill level 14 in Armour
 15425 | IceCv    | Identified a +3 leather armour of resistance
 15540 | IceCv    | Noticed a frost giant
 15546 | IceCv    | Killed a frost giant
 15546 | IceCv    | Noticed a frost giant
 15550 | IceCv    | Killed a frost giant
 15552 | IceCv    | Reached skill level 11 in Dodging
 17343 | D:15     | Reached skill level 17 in Axes
 17369 | D:15     | Reached skill level 19 in Fighting
 17666 | D:15     | Reached XP level 15. HP: 139/152 MP: 5/15
 17757 | D:15     | Found a staircase to the Depths.
 18284 | D:12     | Noticed Kirke
 18715 | D:12     | Found Ekkuf's Armour Emporium.
 19125 | D:12     | Noticed a sphinx
 19137 | D:12     | HP: 14/152 [sphinx[Kirke] (4)]
 19137 | D:12     | Killed from afar by a lindwurm

Vanquished Creatures
  2 frost giants (IceCv)
  An ice dragon (IceCv)
  2 hydras
  Harold (D:9)
  5 centaur warriors
  5 ironbound frosthearts (IceCv)
  3 vault guards (D:13)
  9 two-headed ogres
  2 tengu warriors (D:15)
  Urug (D:11)
  7 skeletal warriors
  A necromancer (D:15)
  An orange crystal statue (IceCv)
  3 deep elf pyromancers (D:15)
  An orc knight (D:15)
  A deep elf zephyrmancer (D:15)
  15 ugly things
  An oklob plant (D:11)
  A wolf spider (D:15)
  Pikel (D:8)
  A centaur zombie (D:15)
  2 cyclopes (D:14)
  4 manticores
  2 naga magi (D:15)
  A gargoyle (D:11)
  A centaur skeleton (D:15)
  A kobold demonologist (D:10)
  18 rime drakes (IceCv)
  A freezing wraith (D:15)
  2 efreet (D:15)
  17 polar bears (IceCv)
  2 trolls
  Prince Ribbit (D:5)
  15 slime creatures (D:12)
  3 centaur simulacra
  A yak (shapeshifter) (D:15)
  3 wraiths
  18 yaks
  A hog (D:13)
  A basilisk (D:14)
  4 vampire mosquitoes (D:12)
  3 steam dragons
  Edmund (D:4)
  A harpy simulacrum (D:15)
  A water moccasin (D:6)
  4 orc warriors
  4 black bears
  2 ice beasts
  4 ogres
  12 centaurs
  2 kobold brigands
  7 bullfrogs
  6 gnoll sergeants
  2 scorpions
  8 killer bees (D:9)
  2 electric eels (D:9)
  8 howler monkeys
  17 jellies
  3 hounds
  5 orc priests
  5 iguanas
  2 sleepcaps
  12 orc wizards
  Robin (D:2)
  33 gnolls
  5 adders
  A shadow imp (D:7)
  2 white imps (D:5)
  An ufetubus (D:5)
  4 dart slugs
  42 orcs
  17 endoplasms
  4 giant cockroaches
  11 goblins
  9 hobgoblins
  9 jackals
  9 quokkas
  3 training dummies (D:5)
  9 ball pythons
  9 bats
  A frilled lizard (D:1)
  15 kobolds
  8 rats
466 creatures vanquished.

Vanquished Creatures (collateral kills)
  A white draconian (IceCv)
  5 vault guards (D:13)
  A hydra (D:15)
  An ogre mage (D:14)
  A skeletal warrior (D:14)
  5 ugly things (D:14)
  A cyclops (D:15)
15 creatures vanquished.

Vanquished Creatures (others)
  An orc (D:11)
  A goblin (D:2)
2 creatures vanquished.

Grand Total: 483 creatures vanquished

Table legend: (Time is in decaauts)
 A = Elapsed time spent in this place.
 B = Non-inter-level travel time spent in this place.
 C = Inter-level travel time spent in this place.
 D = Time resting spent in this place.
 E = Time spent auto-exploring this place.
 F = Levels seen in this place.
 G = Mean time per level.
                   A        B        C        D        E       F      G
               +--------+--------+--------+--------+--------+-----+--------+
         Total |  20009 |  19707 |    302 |   6279 |   8695 |  16 | 1250.6 |
       Dungeon |  17749 |  17447 |    302 |   5231 |   8101 |  15 | 1183.3 |
      Ice Cave |   2260 |   2260 |      0 |   1048 |    594 |   1 | 2260.0 |
               +--------+--------+--------+--------+--------+-----+--------+

Top non-repeatable levels by time:
   IceCv: 2260 daAuts
    D:15: 1802 daAuts
    D:10: 1801 daAuts
    D:14: 1785 daAuts
    D:11: 1612 daAuts
    D:13: 1482 daAuts
     D:9: 1342 daAuts
     D:8: 1101 daAuts
     D:5: 1085 daAuts
     D:6: 951 daAuts
     D:7: 879 daAuts
     D:3: 836 daAuts
    D:12: 835 daAuts
     D:4: 794 daAuts
     D:1: 758 daAuts

Table legend:
 A = Non-vault XP
 B = Vault XP
 C = Vault XP percentage of total XP
 D = Non-vault monster count
 E = Vault monster count
 F = Vault count percentage of total count
                 A         B        C        D         E       F
            +---------+---------+-------+---------+---------+-------
      Total |   55315 |   41161 |  42.7 |     340 |     142 |  29.5
            +---------+---------+-------+---------+---------+-------
        D:1 |      50 |       0 |   0.0 |      29 |       0 |   0.0
        D:2 |     208 |      36 |  14.8 |      26 |      13 |  33.3
        D:3 |     354 |       0 |   0.0 |      23 |       0 |   0.0
        D:4 |     318 |     248 |  43.8 |      25 |       3 |  10.7
        D:5 |     638 |     280 |  30.5 |      27 |       4 |  12.9
        D:6 |     858 |       0 |   0.0 |      17 |       0 |   0.0
        D:7 |     705 |       0 |   0.0 |      10 |       0 |   0.0
        D:8 |    2206 |     538 |  19.6 |      34 |       1 |   2.9
        D:9 |    1923 |    1366 |  41.5 |      18 |       9 |  33.3
       D:10 |    3670 |     718 |  16.4 |      28 |      10 |  26.3
       D:11 |    5530 |    2524 |  31.3 |      11 |      32 |  74.4
       D:12 |    6097 |       0 |   0.0 |      21 |       0 |   0.0
       D:13 |    5916 |    6981 |  54.1 |      18 |       9 |  33.3
       D:14 |   16729 |       0 |   0.0 |      29 |       0 |   0.0
       D:15 |   10113 |    4324 |  30.0 |      24 |      10 |  29.4
      IceCv |       0 |   24146 | 100.0 |       0 |      51 | 100.0
            +---------+---------+-------+---------+---------+-------
